 Dungeon Crawl Stone Soup version 0.29.1-15-g9cfb28693d (webtiles) character file.

Game seed: 2148335341998311641

144 IndexError the Magician (level 5, -1/37 HPs)
             Began as a Gnoll Hedge Wizard on Mar 9, 2023.
             Slain by a sky beast (4 damage)
             ... on level 4 of the Dungeon.
             The game lasted 00:06:41 (3331 turns).

IndexError the Magician (Gnoll Hedge Wizard)        Turns: 3331, Time: 00:06:41

Health: -1/37      AC:  4    Str:  9    XL:     5   Next: 27%
Magic:  3/14       EV: 13    Int: 16    God:
Gold:   210        SH:  0    Dex: 11    Spells: 12/18 levels left

rFire   . . .      SeeInvis .   a - +0 dagger
rCold   . . .      Faith    .   (no shield)
rNeg    . . .      Spirit   .   b - +0 robe
rPois   .          Reflect  .   c - +0 hat
rElec   .          Harm     .   (no cloak)
rCorr   .          Rampage  .   f - +0 pair of gloves
Will    .....                   n - +0 pair of boots
Stlth   ++........              (no amulet)
HPRegen 0.12/turn               (no ring)
MPRegen 0.14/turn               (no ring)

@: studying Fire Magic
A: fangs 1, strong nose, distributed training
a: no special abilities


You were on level 4 of the Dungeon.
You visited 1 branch of the dungeon, and saw 4 of its levels.

You collected 210 gold pieces.

Inventory:

Hand Weapons
 a - a +0 dagger (weapon)
 g - a +0 sling
   (You found it on level 1 of the Dungeon)
Armour
 b - a +0 robe (worn)
 c - a +0 hat (worn)
 f - a +0 pair of gloves (worn)
   (You found it on level 1 of the Dungeon)
 n - a +0 pair of boots (worn)
   (You found it on level 1 of the Dungeon)
Scrolls
 h - a scroll of noise {unknown}
 i - 4 scrolls of identify {unknown}
 j - 2 scrolls of fear {unknown}
 k - 2 scrolls of vulnerability {unknown}
 l - 5 scrolls of teleportation {unknown}
 m - 2 scrolls of poison {unknown}
 p - 2 scrolls of summoning {unknown}
Potions
 d - a potion of magic
 e - 2 potions of curing {unknown}
 o - 2 potions of mutation {unknown}
 q - a potion of resistance {unknown}
 r - a potion of flight {unknown}
 s - 2 potions of haste {unknown}
 t - a potion of might {unknown}
 u - a potion of brilliance {unknown}


   Skills:
 + Level 1.5 Fighting
 + Level 1.5 Short Blades
 + Level 1.5 Long Blades
 + Level 1.5 Axes
 + Level 1.5 Maces & Flails
 + Level 1.5 Polearms
 + Level 1.5 Staves
 + Level 1.5 Ranged Weapons
 + Level 1.5 Throwing
 + Level 1.5 Armour
 + Level 4.8 Dodging
 + Level 4.4 Stealth
 + Level 1.5 Shields
 + Level 1.5 Unarmed Combat
 + Level 7.3 Spellcasting
 + Level 2.4 Conjurations
 + Level 1.2 Hexes
 + Level 2.4 Summonings
 + Level 1.2 Necromancy
 + Level 2.4 Translocations
 + Level 1.2 Transmutations
 + Level 1.3 Fire Magic
 + Level 1.2 Ice Magic
 + Level 1.2 Air Magic
 + Level 1.2 Earth Magic
 + Level 1.2 Poison Magic
 + Level 1.7 Invocations
 + Level 1.5 Evocations


You had 12 spell levels left.
You knew the following spells:

 Your Spells              Type           Power      Damage    Failure   Level
a - Magic Dart            Conj           52%        1d5       4%          1
b - Blink                 Tloc           26%        N/A       7%          2
c - Call Imp              Summ           13%        N/A       7%          2
s - Slow                  Hex            36%        N/A       8%          1

Your spell library contained the following spells:

 Spells                   Type           Power      Damage    Failure   Level
 Lesser Beckoning         Tloc           13%        N/A       13%         3
 Conjure Flame            Conj/Fire      11%        6-21      17%         3
 Mephitic Cloud           Conj/Pois/Air  11%        N/A       19%         3
 Ignite Poison            Fire/Tmut/Pois 9%         N/A       22%         3
 Sticky Flame             Conj/Fire      11%        2d3       50%         4
 Manifold Assault         Tloc           13%        N/A       77%         5


Dungeon Overview and Level Annotations

Branches:
Dungeon (4/15)
 Temple: D:4-7

Altars:
Fedhas
Makhleb
Okawaru


Innate Abilities, Weirdness & Mutations

You have very sharp teeth.
Your uncanny sense of smell can sniff out nearby items.
Your experience applies equally to all skills.


Message History

You now have 11/14 mp.
You swap places.
Your crimson imp hits the adder.
There is a burning altar of Makhleb here.
The adder closely misses your crimson imp.
The adder barely misses your crimson imp.
Your crimson imp barely misses the adder.
The adder bites your crimson imp but does no damage.
Your crimson imp hits the adder.
The adder misses your crimson imp.
A sky beast appears from thin air!
Reactivating autopickup.
Your crimson imp hits the adder.
The adder bites your crimson imp but does no damage.
Your crimson imp closely misses the adder.
The adder barely misses your crimson imp.
The sky beast flickers out of sight!
Deactivating autopickup; reactivate with Ctrl-A.
The adder misses your crimson imp.
Your crimson imp misses the adder.
The adder misses your crimson imp.
Your crimson imp misses the adder.
The adder misses your crimson imp.
Your crimson imp closely misses the adder.
The adder bites your crimson imp. The adder misses your crimson imp.
Your crimson imp hits the adder.
The adder completely misses your crimson imp.
Your crimson imp closely misses the adder.
The adder barely misses your crimson imp.
A sky beast appears from thin air!
Reactivating autopickup.
Your crimson imp blinks!
Aiming: Magic Dart (safe; 4% risk of failure)
Press: ? - help, Q - select action, (/) - cycle Shift-Dir - straight line, f/p - adder
Aim: an adder (heavily wounded, not watching you, ally target, 100% to hit)
The magic dart hits the adder.
You now have 12/14 mp.
Aiming: Magic Dart (safe; 4% risk of failure)
Press: ? - help, Q - select action, (/) - cycle Shift-Dir - straight line, f/p - adder
Aim: an adder (severely wounded, ally target, 100% to hit)
The magic dart hits the adder but does no damage.
You now have 11/14 mp.
Aiming: Magic Dart (safe; 4% risk of failure)
Press: ? - help, Q - select action, (/) - cycle Shift-Dir - straight line, f/p - adder
Aim: an adder (severely wounded, ally target, 100% to hit)
The magic dart hits the adder.
The adder closely misses you.
You now have 10/14 mp.
Aiming: Magic Dart (safe; 4% risk of failure)
Press: ? - help, Q - select action, (/) - cycle Shift-Dir - straight line, f/p - adder
Aim: an adder (almost dead, ally target, 100% to hit)
The magic dart hits the adder.
The adder bites you.
Your crimson imp hits the sky beast.
You take 3 damage, and have 34/37 hp.
You now have 9/14 mp.
Aiming: Magic Dart (safe; 4% risk of failure)
Press: ? - help, Q - select action, (/) - cycle Shift-Dir - straight line, f/p - adder
Aim: an adder (almost dead, ally target, 100% to hit)
The magic dart hits the adder.
You now have 8/14 mp.
Aiming: Magic Dart (safe; 4% risk of failure)
Press: ? - help, Q - select action, (/) - cycle Shift-Dir - straight line, f - sky beast
Aim: a sky beast (lightly wounded, ally target, 100% to hit)
The magic dart hits the sky beast.
The sky beast misses you.
Your crimson imp completely misses the sky beast.
Aiming: Magic Dart (safe; 4% risk of failure)
Press: ? - help, Q - select action, (/) - cycle Shift-Dir - straight line, f/p - sky beast
Aim: a sky beast (moderately wounded, ally target, 100% to hit)
The magic dart hits the sky beast but does no damage.
The sky beast hits you. The sky beast shocks you.
Your crimson imp closely misses the sky beast.
You take 7 damage, and have 27/37 hp.
You now have 7/14 mp.
Aiming: Magic Dart (safe; 4% risk of failure)
Press: ? - help, Q - select action, (/) - cycle Shift-Dir - straight line, f/p - sky beast
Aim: a sky beast (moderately wounded, ally target, 100% to hit)
The magic dart hits the sky beast.
The sky beast hits you. The sky beast shocks you.
Your crimson imp closely misses the sky beast.
You take 8 damage, and have 19/37 hp.
MASSIVE DAMAGE!!
You now have 6/14 mp.
Aiming: Magic Dart (safe; 4% risk of failure)
Press: ? - help, Q - select action, (/) - cycle Shift-Dir - straight line, f/p - sky beast
Aim: a sky beast (moderately wounded, ally target, 100% to hit)
The magic dart hits the sky beast.
The sky beast hits you. The sky beast shocks you.
* * * LOW HITPOINT WARNING * * *
Your crimson imp misses the sky beast.
You take 8 damage, and have 11/37 hp.
MASSIVE DAMAGE!!
You now have 5/14 mp.
Aiming: Magic Dart (safe; 4% risk of failure)
Press: ? - help, Q - select action, (/) - cycle Shift-Dir - straight line, f/p - sky beast
Aim: a sky beast (heavily wounded, ally target, 100% to hit)
The magic dart hits the sky beast but does no damage.
The sky beast hits you.
* * * LOW HITPOINT WARNING * * *
The sky beast shocks you.
* * * LOW HITPOINT WARNING * * *
Your crimson imp hits the sky beast.
You take 8 damage, and have 3/37 hp.
MASSIVE DAMAGE!!
You now have 4/14 mp.
Aiming: Magic Dart (safe; 4% risk of failure)
Press: ? - help, Q - select action, (/) - cycle Shift-Dir - straight line, f/p - sky beast
Aim: a sky beast (heavily wounded, ally target, 100% to hit)
The magic dart hits the sky beast.
Your crimson imp disappears in a puff of smoke!
The sky beast hits you.
You die...

##.......#
###.######.#
#.###......# ∆
#.###.######
#..........# # .
#..###'###.##.#.{
#..# #.# .......
#..###.###.......
#..+@Y§..'.......
##
#..#######~####..
#< #..# ### .#
#....$. #..# ###
.# ##....> ... ..
........ ### #.
###..... .#
#...). .# ......
.....##


You could see a sky beast.

Vanquished Creatures
  9 adders
  A dart slug (D:3)
  An orc (D:3)
  3 ball pythons
  6 bats
  7 endoplasms
  2 giant cockroaches
  7 goblins
  6 hobgoblins
  3 jackals (D:2)
  7 kobolds
  2 quokkas
  2 frilled lizards
  2 rats (D:1)
58 creatures vanquished.

Notes
Turn   | Place    | Note
-------+----------+-------------------------------------------
     0 | D:1      | IndexError the Gnoll Hedge Wizard began the quest for the
                  | Orb.
     0 | D:1      | Reached XP level 1. HP: 13/13 MP: 8/8
   100 | D:1      | Reached skill level 2 in Conjurations
   100 | D:1      | Reached skill level 2 in Summonings
   100 | D:1      | Reached skill level 2 in Translocations
   223 | D:1      | Reached XP level 2. HP: 19/19 MP: 7/10
   569 | D:1      | Found a faded altar of an unknown god.
  1139 | D:2      | Reached XP level 3. HP: 21/25 MP: 7/11
  1333 | D:2      | Reached skill level 1 in Invocations
  1512 | D:2      | Reached skill level 1 in Fighting
  1512 | D:2      | Reached skill level 1 in Short Blades
  1512 | D:2      | Reached skill level 1 in Long Blades
  1512 | D:2      | Reached skill level 1 in Axes
  1512 | D:2      | Reached skill level 1 in Maces & Flails
  1512 | D:2      | Reached skill level 1 in Polearms
  1512 | D:2      | Reached skill level 1 in Staves
  1512 | D:2      | Reached skill level 1 in Ranged Weapons
  1512 | D:2      | Reached skill level 1 in Throwing
  1512 | D:2      | Reached skill level 1 in Armour
  1512 | D:2      | Reached skill level 1 in Shields
  1512 | D:2      | Reached skill level 1 in Unarmed Combat
  1512 | D:2      | Reached skill level 1 in Evocations
  1628 | D:2      | Reached XP level 4. HP: 32/32 MP: 10/13
  1976 | D:2      | Reached skill level 1 in Hexes
  1976 | D:2      | Reached skill level 1 in Necromancy
  1976 | D:2      | Reached skill level 1 in Transmutations
  1976 | D:2      | Reached skill level 1 in Fire Magic
  1976 | D:2      | Reached skill level 1 in Ice Magic
  1976 | D:2      | Reached skill level 1 in Air Magic
  1976 | D:2      | Reached skill level 1 in Earth Magic
  1976 | D:2      | Reached skill level 1 in Poison Magic
  2396 | D:3      | Found an iron altar of Okawaru.
  2651 | D:3      | Reached XP level 5. HP: 37/37 MP: 10/14
  2986 | D:3      | Learned a level 2 spell: Blink
  2989 | D:3      | Learned a level 2 spell: Call Imp
  2991 | D:3      | Learned a level 1 spell: Slow
  3144 | D:4      | Found a blossoming altar of Fedhas.
  3298 | D:4      | Found a burning altar of Makhleb.
  3305 | D:4      | Noticed a sky beast
  3330 | D:4      | HP: 9/37 [sky beast (3)]
  3330 | D:4      | HP: 3/37 [sky beast (6)]
  3331 | D:4      | Slain by a sky beast

Illustrated notes

Levels and vault maps discovered:
D:1:      amcnicky_arrival_abandoned_market, layout_basic,
          shapermc_ecumenical_altar_gd
D:2:      minmay_door_path, layout_basic
D:3:      layout_rooms, okawaru_ov_weapons_minmay
D:4:      layout_basic, lemuel_doored_altar, lemuel_crystal_altar,
          fedhas_altar_decomposition, lemuel_coloured_pillars_altar,
          temple_green

Skill      XL: |  1  2  3  4 |
---------------+-------------+-----
Conjurations   | 2 |  2.4
Summonings     | 2 |  2.4
Translocations | 2 |  2.4
Invocations    | 1 |  1.7
Fighting       | 1 |  1.5
Short Blades   | 1 |  1.5
Long Blades    | 1 |  1.5
Axes           | 1 |  1.5
Maces & Flails | 1 |  1.5
Polearms       | 1 |  1.5
Staves         | 1 |  1.5
Ranged Weapons | 1 |  1.5
Throwing       | 1 |  1.5
Armour         | 1 |  1.5
Shields        | 1 |  1.5
Unarmed Combat | 1 |  1.5
Evocations     | 1 |  1.5
Hexes          | 1 |  1.2
Necromancy     | 1 |  1.2
Transmutations | 1 |  1.2
Fire Magic     | 1 |  1.3
Ice Magic      | 1 |  1.2
Air Magic      | 1 |  1.2
Earth Magic    | 1 |  1.2
Poison Magic   | 1 |  1.2
Dodging        | |  4.8
Stealth        | |  4.4
Spellcasting   | |  7.3

Action                   |  1- 3 |  4- 6 || total
-------------------------+-------+-------++-------
 Cast: Magic Dart        |    65 |    89 ||   154
       Call Imp          |       |     1 ||     1
Armor: Robe              |     4 |     1 ||     5
Dodge: Dodged            |     5 |    14 ||    19

Table legend: (Time is in decaauts)
 A = Elapsed time spent in this place.
 B = Non-inter-level travel time spent in this place.
 C = Inter-level travel time spent in this place.
 D = Time resting spent in this place.
 E = Time spent auto-exploring this place.
 F = Levels seen in this place.
 G = Mean time per level.
                   A        B        C        D        E       F      G
               +--------+--------+--------+--------+--------+-----+--------+
         Total |   3332 |   3092 |    240 |      0 |   2778 |   4 |  833.0 |
       Dungeon |   3332 |   3092 |    240 |      0 |   2778 |   4 |  833.0 |
               +--------+--------+--------+--------+--------+-----+--------+

Top non-repeatable levels by time:
     D:2: 1319 daAuts
     D:1: 1183 daAuts
     D:3: 624 daAuts
     D:4: 205 daAuts

Table legend:
 A = Kills in this place as a percentage of kills in entire the game.
 B = Kills by you in this place as a percentage of kills by you in the entire game.
 C = Kills by friends in this place as a percentage of kills by friends in the entire game.
 D = Other kills in this place as a percentage of other kills in the entire game.
 E = Experience gained in this place as a percentage of experience gained in the entire game.
 F = Experience gained in this place divided by the number of levels of this place that you have seen.
                   A       B       C       D       E      F
               +-------+-------+-------+-------+-------+----------------------
         Total | 100.0 | 100.0 |   N/A |   N/A | 100.0 |  51.8
       Dungeon | 100.0 | 100.0 |   N/A |   N/A | 100.0 |  51.8
               +-------+-------+-------+-------+-------+----------------------
